Map: Rhoskallian LE

Players

Entropy - Winner!

  • Race: Terran Terran
  • Spawn Location: 11:00

TomMulder - Winner!

  • Race: Protoss Protoss
  • Spawn Location: 12:00

Ekelpack

  • Race: Zerg Zerg
  • Spawn Location: 6:00

Nyck

  • Race: Terran Terran
  • League: Silver
  • Spawn Location: 5:00

VOD

Have the link to the VOD?

Description

Time

  • Played on: Oct. 23, 2024, 1:17 p.m.
  • Length: 7:31
Show
View Real Time Build Order
Export as new Build Order

Entropy Terran - Winner!

Build Orders:  

Get SALT Encoding   

  12  0:01  SCV  
  13  0:13  SCV  
  14  0:19  Supply Depot  
  14  0:25  SCV  
  15  0:41  SCV  
  16  0:43  Barracks  
  16  0:47  Refinery  
  16  0:53  SCV  
  17  1:05  SCV  
  18  1:17  SCV  
  19  1:30  Orbital Command  
  19  1:31  Marine  
  20  1:46  Command Center  
  20  1:51  Barracks Reactor  
  20  1:55  SCV  
  21  2:09  Bunker  
  21  2:10  SCV  
  21  2:15  Barracks  
  22  2:19  Supply Depot  
  22  2:22  SCV  
  23  2:38  Barracks  
  23  2:41  Marine x2  
  25  2:47  Supply Depot  
  25  2:51  Refinery  
  24  3:09  Orbital Command  
  24  3:10  SCV  
  24  3:15  Supply Depot  
  24  3:17  Barracks Tech Lab  
  24  3:22  SCV  
  24  3:26  Factory  
  25  3:32  Marine x2  
  27  3:35  Barracks Tech Lab, SCV  
  27  3:40  Stimpack  
  28  3:47  SCV x2  
  30  3:54  Marine x2  
  32  3:59  SCV  
  33  4:03  Combat Shield  
  33  4:04  SCV  
  33  4:06  Marine  
  33  4:07  Marine  
  36  4:13  Factory Reactor  
  36  4:15  SCV, Starport  
  37  4:21  SCV  
  37  4:23  Supply Depot  
  38  4:28  SCV  
  38  4:29  Engineering Bay  
  38  4:30  Marine  
  40  4:33  SCV  
  41  4:40  SCV  
  41  4:42  Marine x3  
  45  4:47  SCV  
  45  4:48  Marine  
  47  4:54  SCV  
  47  4:59  SCV, Medivac x2  
  53  5:02  Marine x2  
  53  5:03  Marine  
  53  5:05  Marine  
  57  5:08  SCV  
  57  5:11  Terran Infantry Weapons Level 1  
  58  5:15  Supply Depot  
  58  5:16  SCV  
  58  5:20  Concussive Shells  
  58  5:21  Marauder  
  61  5:23  SCV  
  61  5:25  Marauder  
  64  5:34  SCV  
  66  5:35  SCV  
  66  5:38  Missile Turret  
  66  5:39  Missile Turret  
  66  5:42  Marauder  
  68  5:43  Marine x2  
  68  5:47  Marauder  
  72  5:56  Missile Turret  
  72  6:01  Marine x2  
  72  6:03  Marine, Medivac  
  77  6:07  Marine  
  78  6:13  Barracks  
  78  6:15  Barracks  
  78  6:16  Supply Depot, Factory Tech Lab  
  78  6:23  Supply Depot  
  78  6:37  SCV, Marine  
  78  6:38  SCV, Medivac  
  67  6:59  Marine  
  67  7:00  Marine x3  
Show
View Real Time Build Order
Export as new Build Order

TomMulder Protoss - Winner!

Build Orders: 1 Gate Expand, Blink Stalkers 

Get SALT Encoding   

  12  0:00  Probe  
  13  0:13  Probe  
  14  0:20  Pylon  
  14  0:25  Probe  
  15  0:39  Gateway  
  15  0:42  Probe (Chrono Boost)  
  16  0:46  Assimilator  
  16  0:54  Probe (Chrono Boost)  
  17  1:02  Probe (Chrono Boost)  
  18  1:08  Probe  
  19  1:29  Nexus  
  19  1:35  Cybernetics Core  
  19  1:41  Pylon  
  19  1:47  Assimilator  
  19  1:48  Probe  
  20  2:00  Probe  
  21  2:10  Stalker (Chrono Boost)  
  21  2:12  Warp Gate (Chrono Boost)  
  21  2:13  Probe  
  24  2:24  Twilight Council  
  24  2:30  Gateway  
  23  2:49  Probe x2  
  25  2:53  Stalker  
  27  3:10  Blink (Chrono Boost)  
  27  3:22  Gateway  
  27  3:37  Pylon  
  27  3:40  Probe x2  
  29  3:52  Probe x2  
  31  4:10  Stalker  
  31  4:11  Stalker  
  31  4:13  Probe x2  
  37  4:20  Pylon  
  37  4:22  Assimilator  
  37  4:24  Stalker  
  39  4:30  Robotics Facility, Probe  
  39  4:31  Probe  
  41  4:37  Pylon  
  41  4:43  Probe  
  42  4:47  Stalker x2  
  46  4:57  Probe x2  
  46  4:58  Charge (Chrono Boost)  
  48  5:05  Stalker  
  50  5:09  Probe x2  
  52  5:15  Stalker  
  52  5:16  Stalker  
  56  5:21  Probe  
  56  5:25  Forge  
  51  6:03  Stalker x2  
  51  6:04  Stalker  
  57  6:06  Observer  
  58  6:15  Photon Cannon x2  
  58  6:17  Photon Cannon  
  58  6:19  Pylon  
  58  6:24  Photon Cannon  
  58  6:28  Photon Cannon  
  58  6:29  Photon Cannon  
  58  6:31  Probe  
  58  6:32  Probe, Photon Cannon  
  60  6:34  Shield Battery  
  50  7:00  Stalker x3  
Show
View Real Time Build Order
Export as new Build Order

Ekelpack Zerg 

Build Orders: Hatch First 

Get SALT Encoding   

  12  0:01  Drone  
  13  0:13  Overlord  
  13  0:18  Drone  
  14  0:46  Hatchery, Drone  
  14  0:54  Drone  
  15  1:08  Spawning Pool  
  14  1:11  Drone  
  14  1:16  Extractor  
  14  1:17  Drone  
  15  1:29  Drone  
  15  1:30  Drone  
  17  1:41  Drone  
  17  1:44  Drone  
  19  1:56  Queen  
  19  1:57  Drone  
  22  2:03  Queen  
  24  2:10  Drone  
  25  2:15  Drone  
  25  2:18  Overlord  
  26  2:27  Drone x2  
  28  2:34  Lair  
  28  2:39  Drone  
  29  2:46  Drone x3  
  32  2:52  Extractor  
  32  2:54  Extractor  
  32  2:55  Drone  
  32  2:58  Drone  
  32  3:09  Drone x3  
  32  3:10  Drone, Overlord  
  36  3:29  Extractor  
  36  3:30  Overlord  
  35  3:36  Spire  
  35  3:40  Drone x3  
  35  3:41  Drone  
  38  3:44  Drone x3  
  38  3:46  Metabolic Boost  
  41  3:59  Overlord  
  41  4:10  Queen  
  41  4:16  Drone  
  44  4:18  Overlord  
  44  4:23  Drone x3  
  47  4:25  Overlord  
  47  4:48  Zerg Flyer Weapons Level 1, Mutalisk x3  
  47  4:49  Mutalisk x3  
  47  4:50  Mutalisk  
  61  4:59  Mutalisk x3  
  67  5:09  Overlord  
  67  5:23  Hatchery  
  67  5:28  Overlord  
  66  5:46  Overlord x2  
  64  5:57  Zergling x8  
  64  5:58  Zergling x4  
  70  6:16  Drone  
  70  6:17  Drone x4  
  75  6:24  Overlord  
  75  6:36  Zergling x6  
  52  6:59  Zergling x6  
  52  7:00  Zergling x12  
  52  7:14  Spine Crawler  
  51  7:16  Spine Crawler  
  51  7:17  Spine Crawler  
Show
View Real Time Build Order
Export as new Build Order

Nyck Terran 

Build Orders:  

Get SALT Encoding   

  12  0:00  SCV  
  13  0:12  SCV  
  14  0:19  Supply Depot  
  14  0:24  SCV  
  15  0:40  SCV  
  16  0:43  Barracks  
  16  0:47  Refinery  
  16  0:52  SCV  
  17  1:01  Barracks  
  17  1:05  SCV  
  18  1:15  Refinery  
  18  1:19  SCV  
  19  1:31  Orbital Command  
  19  1:34  Reaper  
  20  1:51  Barracks Reactor  
  20  1:54  Barracks  
  20  2:01  Supply Depot  
  20  2:10  SCV  
  21  2:22  Barracks Tech Lab  
  21  2:28  Marine x2  
  23  2:31  SCV  
  24  2:43  SCV, Factory  
  25  2:55  SCV  
  26  3:07  SCV  
  26  3:17  Command Center  
  26  3:18  Marine x2  
  29  3:20  SCV, Barracks Reactor  
  29  3:25  Combat Shield  
  30  3:37  Marauder  
  31  3:44  Supply Depot  
  31  3:48  Engineering Bay  
  31  3:51  Factory Reactor  
  31  4:05  SCV  
  31  4:07  Marine x4  
  36  4:11  Marauder  
  36  4:17  Supply Depot, SCV  
  39  4:24  Terran Infantry Weapons Level 1  
  39  4:35  Starport  
  39  4:41  SCV  
  40  4:50  Supply Depot  
  40  4:51  Marine  
  41  4:53  SCV  
  42  5:02  Orbital Command  
  42  5:05  SCV  
  43  5:12  Marine x2  
  45  5:17  SCV  
  45  5:20  Medivac  
  48  5:22  Medivac  
  48  5:27  SCV  
  51  5:35  SCV  
  52  5:39  SCV, Refinery  
  52  5:40  Refinery  
  53  5:43  Stimpack  
  53  5:47  SCV  
  53  5:49  Supply Depot  
  54  5:51  SCV  
  55  5:57  Armory  
  55  5:59  SCV  
  55  6:03  SCV, Engineering Bay  
  57  6:04  Marine x3  
  57  6:05  Marine  
  57  6:07  Marauder  
  63  6:11  SCV  
  63  6:16  SCV  
  65  6:23  SCV  
  66  6:28  Command Center  
  47  6:58  Marine x2  
  47  6:59  Marine x3  
  50  7:01  Medivac x2  
Tags
 
Add a new tag
Caveats
  • Supply blocks, unpowered buildings, or Contaminate may cause inaccurate times.
  • Supply counts are checked every 10 seconds.